 Dungeon Crawl Stone Soup version 0.24.0-123-gd5b16e6ec5 (webtiles) character file.

Game seed: 16502746323062052612, levelgen mode: deterministic

55 vurker the Caller (level 3, 0/16 HPs)
             Began as a Felid Summoner on Dec 30, 2019.
             Succumbed to an adder's poison
             ... on level 2 of the Dungeon.
             The game lasted 00:06:14 (2361 turns).

vurker the Caller (Felid Summoner)                  Turns: 2361, Time: 00:06:15

Health: 0/16       AC:  3    Str:  4    XL:     3   Next: 67%
Magic:  5/8        EV: 33    Int: 19    God:
Gold:   71         SH:  0    Dex: 18    Spells: 1/7 levels left
                                        Lives:  0   Deaths: 0

rFire    . . .     SeeInvis +   (weapon unavailable)
rCold    . . .     Gourm    .   (shield unavailable)
rNeg     . . .     Faith    .   (armour unavailable)
rPois    .         Spirit   .   (helmet unavailable)
rElec    .         Reflect  .   (cloak unavailable)
rCorr    .         Harm     .   (gloves unavailable)
MR       .....                  (boots unavailable)
Stlth    +++.......             h - amulet of the acrobat
HPRegen  0.05/turn              c - +2 ring of dexterity
MPRegen  0.11/turn              (no ring)

@: lethally poisoned (0 -> -7), acrobat, quick
A: very small, no armour, no weapons or thrown items, stealth, claws 1, fangs 3,
thin metallic scales 1, see invisible, carnivore, clever 1, speed 1, robust 1,
screaming 1, shaggy fur 1, slow metabolism 1, sharp paws
a: no special abilities


You were on level 2 of the Dungeon.
You were completely stuffed.

You visited 1 branch of the dungeon, and saw 2 of its levels.

You collected 71 gold pieces.

Inventory:

Jewellery
 c - a +2 ring of dexterity (left paw)
   (You found it on level 1 of the Dungeon)
 h - an amulet of the acrobat (around neck)
   (You found it on level 1 of the Dungeon)
Scrolls
 b - a scroll of enchant armour {unknown}
 f - a scroll of immolation {unknown}
 g - a scroll of remove curse {unknown}
 i - a scroll of teleportation {unknown}
Comestibles
 d - a chunk of flesh
 e - 4 rations


   Skills:
 + Level 1.3 Fighting
 - Level 2.6 Dodging
 - Level 2.6 Stealth
 * Level 2.8 Spellcasting
 * Level 4.6 Summonings


You had one spell level left.
You knew the following spells:

 Your Spells              Type           Power        Failure   Level  Hunger
a - Summon Small Mammal   Summ           ###.         2%          1    None
b - Call Imp              Summ           ###.....     3%          2    ##.....
c - Call Canine Familiar  Summ           ###.....     7%          3    ###....

Your spell library contained the following spells:

 Spells                   Type           Power        Failure   Level  Hunger
 Summon Guardian Golem    Hex/Summ       ##......     19%         3    ###....
 Summon Ice Beast         Ice/Summ       ##......     52%         4    ####...
 Summon Lightning Spire   Summ/Air       ##......     52%         4    ####...


Dungeon Overview and Level Annotations

Branches:
Dungeon (2/15)

Altars:
Dithmenos


Innate Abilities, Weirdness & Mutations

You cannot wear armour.
You are incapable of wielding weapons or throwing items.
Your paws allow you to move quietly. (Stealth)
You have sharp claws.
You have razor-sharp teeth.
You have supernaturally acute eyesight. (SInv)
You are carnivorous and can eat meat at any time.
You cover ground quickly.
You are covered in fur. (AC +1)
You have a slow metabolism.
Your sharp claws are effective at attacking unaware monsters.
You are partially covered in thin metallic scales. (AC +2)
Your mind is acute. (Int +2)
You are robust. (+10% HP)
You occasionally shout uncontrollably at your foes.


Message History

The adder poisons you! The adder bites you.
You scratch the adder but do no damage.
You feel sick. The adder bites you.
You are lethally poisoned!
The adder poisons you!
Your crimson imp hits the adder but does no damage.
* * * LOW HITPOINT WARNING * * *
You feel sick. The adder bites your crimson imp.
Your crimson imp hits the adder.
The adder bites your crimson imp. What are your orders? t - Meow!
Orders for allies: a - Attack new target. p - Attack previous target. r - Retreat! s - Stop attacking. g - Guard the area. f - Follow me.
Anything else - Cancel.
Okay, then.
A beastly little devil appears in a puff of frigid air.
* * * LOW HITPOINT WARNING * * *
You feel sick.
Your crimson imp blinks!
The adder bites your white imp but does no damage.
It was a potion of mutation.
You feel extremely strange.
You feel the urge to shout.
You feel robust.
You feel clever.
Thin metallic scales grow over part of your body.
* * * LOW HITPOINT WARNING * * *
You feel sick.
The adder bites your white imp but does no damage.
Your white imp hits the adder.
The adder dies!
You aren't carrying any potions.
Unknown command.
Okay, then.
There is a lethal amount of poison in your body!
There is a lethal amount of poison in your body!
There is a lethal amount of poison in your body!
You swap places.
* * * LOW HITPOINT WARNING * * *
You feel sick.
You swap places.
* * * LOW HITPOINT WARNING * * *
You feel sick.
You see here an adder corpse.
* * * LOW HITPOINT WARNING * * *
You feel sick.
Your crimson imp disappears in a puff of smoke!
* * * LOW HITPOINT WARNING * * *
You feel sick.
* * * LOW HITPOINT WARNING * * *
You feel sick.
You die...

###.##.##.# ########§##
# #.##.##.# ..# #...# #
#.##.##.# ... #.#.#
###.##.##.# #.# #...##
##...#.##.# #.# #5....
.)........# #.# #####.
##...###### #.# #.
.##.###### #.# #5
#...†....#######@# #.
.#.#####..55.....# #5
##.# ########### #.
##.# #. #.# ###########
#.
##.##########.........#
#.
#.............#######.#
#. #..############ #.#
#. ...######
####.#########


You could see 2 friendly white imps.

Vanquished Creatures
  2 giant cockroaches (D:2)
  2 jackals (D:2)
  2 bats
  A rat (D:2)
7 creatures vanquished.

Vanquished Creatures (collateral kills)
  5 adders (D:2)
  A dart slug (D:1)
  A leopard gecko (D:1)
  2 giant cockroaches
  3 goblins
  4 hobgoblins
  5 jackals
  7 kobolds
  A bat (D:2)
  2 frilled lizards (D:1)
  3 rats
34 creatures vanquished.

Grand Total: 41 creatures vanquished

Notes
Turn   | Place    | Note
-------+----------+-------------------------------------------
     0 | D:1      | vurker the Felid Summoner began the quest for the Orb.
     0 | D:1      | Reached XP level 1. HP: 7/7 MP: 4/4
   603 | D:1      | Reached XP level 2. HP: 12/12 MP: 3/6
   699 | D:1      | Learned a level 2 spell: Call Imp
  1443 | D:2      | Found a shadowy altar of Dithmenos.
  1451 | D:2      | Reached skill level 1 in Fighting
  1457 | D:2      | Reached XP level 3. HP: 10/15 MP: 3/7
  2069 | D:2      | Learned a level 3 spell: Call Canine Familiar
  2344 | D:2      | Gained mutation: You occasionally shout uncontrollably at
                  | your foes. [potion of mutation]
  2344 | D:2      | Gained mutation: You are robust. (+10% HP) [potion of
                  | mutation]
  2344 | D:2      | Gained mutation: Your mind is acute. (Int +2) [potion of
                  | mutation]
  2344 | D:2      | Gained mutation: You are partially covered in thin metallic
                  | scales. (AC +2) [potion of mutation]
  2361 | D:2      | Succumbed to an adder's poison

Levels and vault maps discovered:
D:1:      dpeg_arrival_lava_altar, layout_basic, item_on_display_a
D:2:      layout_loops_ring, nicolae_dithmenos_shadow_blocks

Skill      XL: |  1  2 |
---------------+-------+-----
Fighting       | 1 |  1.3
Dodging        | |  2.6
Stealth        | |  2.6
Spellcasting   | |  2.8
Summonings     | |  4.6

Action                   || total
-------------------------++-------
Melee: Unarmed           ||    52
       Bite              ||     4
 Cast: Summon Small Mamm ||    37
       Call Imp          ||    23
  Use: Potion            ||     1
 Stab: Sleeping          ||     1
  Eat: Chunk             ||    12
Armor: Skin              ||     2
Dodge: Dodged            ||    65
